alda, lawful female human Valkyrie ------ ----------- |.....# #+.........| |....|# #|.........| .....|# #|..........###### -------------- #------# #|.........| # ----- +...>........| # # #|.........| ###|....# |............| # # #--.-----|-- #|.SS|# |.........{..| # # ##### # ###|.S@|# ---------.---- # ) # # # # #-----# ## # # # # #### ## ### ##### # # # ### --.--# -.--.- [ # # ### ------# # |..<|# |.....#### ##### # |[%..|# ##....|# |....|###################### ## |?(%.-# |....# |>...|# ####-.-|---.----- |%!..| |...| --.---# # #............| |%[).| ----- ##### ###|...........| ------ #............| ------------- alda the Skirmisher Experience level: 5 Strength: 18/04 Dexterity: 11 Constitution: 17 Intelligence: 9 Wisdom: 5 Charisma: 9 Health: 0(45) Energy: 11(11) Def: 10 Gold: 23 Moves: 1143 Dungeon seed: mdWF4Y0GTXoWftPM Game ID: alda_1492001928 Your Inventory: Coins $ - 23 gold pieces Weapons a - a rusty +1 long sword (weapon in hand) b - a blessed +0 dagger Armor e - an uncursed +3 small shield (being worn) n - an uncursed +0 orcish helm (being worn) q - an uncursed +0 dwarvish cloak r - an uncursed +0 pair of iron shoes (being worn) y - an uncursed -1 scale mail (being worn) Comestibles c - 3 uncursed food rations f - an uncursed tin of jackal meat Scrolls d - an uncursed scroll of earth Potions j - a cursed potion of healing l - a blessed potion of full healing Rings k - a cursed ring of aggravate monster m - a cursed -1 ring of protection Tools g - an uncursed blindfold h - an uncursed skeleton key i - an uncursed tin whistle o - a magic marker (0:60) Spells and supernatural/magical abilities: Name Level Category Fail Memory W - pray for help -- divine ? -- Your skills at the end: Fighting Skills Weapon Skills dagger [Basic] long sword [Basic] Spellcasting Skills Final Attributes: You were piously aligned. You were cold resistant. You were stealthy. You were lucky. You are dead. Vanquished creatures: 3 gnome lords 2 dwarves an orc zombie a large kobold a hobgoblin 7 gnomes a gecko a jackal a fox 3 goblins 2 sewer rats 6 grid bugs 2 lichens 4 newts 35 creatures vanquished. Voluntary challenges: You used a wielded weapon 41 times, starting on turn 94. You were illiterate. You never genocided any monsters. You never polymorphed an object. You never changed form. You used no wishes. You never split a pudding. You never wrote Elbereth's name. You never violated your personal moral code. Dungeon overview: The Dungeons of Doom: levels 1 to 2 Level 1 a long staircase Level 2 <- You were here a general store, some fountains stairs to The Gnomish Mines The Gnomish Mines: Level 3 stairs to The Dungeons of Doom History has recorded: On T:1 you entered the Dungeons of Doom to retrieve the Amulet of Yendor! On T:423 you reached level 2 of The Dungeons of Doom. On T:619 you advanced to experience level 2. On T:808 you reached level 1 of The Gnomish Mines. On T:816 you advanced to experience level 3. On T:852 you advanced to experience level 4. On T:1000 you advanced to experience level 5. Score breakdown: Gold: 23 ( 4695 points) Experience: 5 levels (11141 points) Exploration: 3 levels ( 6.25%) ( 6188 points) Discoveries: 1 item ( 0.41%) ( 1912 points) Valuables value: (no points given unless you survive) Artifact value: 0 ( 0 points) Variety of kills: 14 monsters ( 3.67%) ( 5750 points) Turncount: 1143 turns ( 0 points) Survival: died (score multiplied by 80%) Total score: 23748 Latest messages: You finish eating the large kobold corpse. You see here a gecko corpse. There are a few objects here. The hobgoblin wields a scimitar! You kill the hobgoblin! There are a few objects here. You see here an orcish helm. Your long sword rusts! An endless stream of snakes pours forth! The water moccasin bites! The water moccasin's bite was poisoned! The water moccasin misses. The water moccasin bites! You hit the water moccasin! The water moccasin bites! The water moccasin misses. (2x) The water moccasin bites! (2x) The water moccasin's bite was poisoned! The water moccasin bites! You die... Final status: Farvel alda the Valkyrie, killed by a water moccasin... You died in The Dungeons of Doom on dungeon level 2 with 23748 points, and 23 pieces of gold, after 1143 moves. You were level 5 with a maximum of 45 hit points when you died.